 Dungeon Crawl Stone Soup version 0.31-a0-188-g5e087ee2ca (webtiles) character file.

Game seed: 2047472670261351429

71 qw the Shooter (level 4, -1/25 HPs)
             Began as a Deep Elf Hunter on June 23, 2023.
             Slain by a worm (11 damage)
             ... on level 2 of the Dungeon.
             The game lasted 00:00:29 (818 turns).

qw the Shooter (Deep Elf Hunter)                     Turns: 818, Time: 00:00:29

Health: -1/25      AC:  3    Str: 10    XL:     4   Next: 5%
Magic:  6/6        EV: 12    Int: 14    God:
Gold:   90         SH:  0    Dex: 18    Spells: 3/3 levels left

rFire   . . .        Y - +1 shortbow
rCold   . . .        (shield currently unavailable)
rNeg    . . .        c - +0 leather armour
rPois   .            (no helmet)
rElec   .            (no cloak)
rCorr   .            (no gloves)
SInv    .            (no boots)
Will    .....        e - amulet of the acrobat
Stlth   ++           (no ring)
HPRegen 0.24/turn    (no ring)
MPRegen 0.10/turn

%: acrobat
@: lethally poisoned (-1 -> -4)
A: no striking features
a: no special abilities


You were on level 2 of the Dungeon.
You visited 1 branch of the dungeon, and saw 2 of its levels.

You collected 90 gold pieces.


   Skills:
 - Level 1.5 Fighting
 + Level 7.5 Ranged Weapons
 - Level 2.4 Dodging
 - Level 1.2 Stealth


You had 3 spell levels left.
You didn't know any spells.
Your spell library was empty.

Inventory:

Hand Weapons
 Y - a +1 shortbow (weapon)
Armour
 c - a +0 leather armour (worn)
 d - a +0 pair of boots
Jewellery
 e - an amulet of the acrobat (around neck)
Scrolls
 b - 2 scrolls of identify
 f - a scroll of fog {unknown}
 g - a scroll of torment {unknown}
 i - a scroll of vulnerability {unknown}
Potions
 a - a potion of curing {unknown}
 h - a potion of haste {unknown}

Dungeon Overview and Level Annotations

Branches:
Dungeon (2/15)

Altars:


Message History

You shoot an arrow. The adder hisses angrily.
The arrow hits the quokka.
You kill the quokka!
You shoot an arrow. The arrow hits the worm!
The worm is heavily wounded.
You shoot an arrow. The arrow completely misses the adder.
You shoot an arrow. The arrow hits the adder.
The adder is lightly wounded.
You shoot an arrow. The arrow barely misses the adder.
You shoot an arrow. The arrow misses the adder.
The adder closely misses you. The adder barely misses you.
You shoot an arrow. The arrow hits the adder.
The adder is lightly wounded.
The adder bites you.
You shoot an arrow. The arrow misses the adder.
The adder bites you.
You are poisoned.
The adder poisons you! The adder bites you but does no damage.
You shoot an arrow. The arrow closely misses the adder.
You feel sick. The adder closely misses you.
You shoot an arrow. The arrow hits the worm.
The worm is heavily wounded.
You feel sick. The adder bites you.
You are more poisoned.
The adder poisons you!
You shoot an arrow.
The arrow hits the worm but does no damage.
The worm is heavily wounded.
You feel sick. The adder closely misses you. The worm barely misses you.
The adder barely misses you.
You shoot an arrow. The arrow hits the worm!
The worm is severely wounded.
You feel sick. The adder completely misses you. The worm closely misses you.
You shoot an arrow. The arrow barely misses the worm.
You feel sick. The adder barely misses you. The adder closely misses you.
You shoot an arrow. The arrow hits the worm.
The worm is severely wounded.
You feel sick. The worm bites you!
You die...

##.................#
.........###.#%....#
..#..##...#........#
###.##.........##.##
#...#...........#.#
................#.#######
)####..%........#.......#
.).###.........##.......#
##.............S@.......#
#.............(w#.......#
#...............#########
...>............
................
......##........ ..###.#
....... ### .# .......
.....%##


You could see a worm and an adder.

Vanquished Creatures
  2 adders (D:2)
  A dart slug (D:1)
  8 ball pythons
  2 endoplasms (D:2)
  6 giant cockroaches
  4 goblins
  4 hobgoblins
  6 kobolds
  3 quokkas
  5 bats
  A frilled lizard (D:2)
  4 rats
46 creatures vanquished.

Notes
Turn   | Place    | Note
-------+----------+-------------------------------------------
     0 | D:1      | qw the Deep Elf Hunter began the quest for the Orb.
     0 | D:1      | Reached XP level 1. HP: 12/12 MP: 3/3
     0 | D:1      | 0 ||| qw: Version: 0.3-a-9-g12657ce
     0 | D:1      | 0 ||| qw: Game counter: 4048
     0 | D:1      | 0 ||| qw: Always use a shield: true
     0 | D:1      | 0 ||| qw: God list: Okawaru
     0 | D:1      | 0 ||| qw: Allow faded altars: false
     0 | D:1      | 0 ||| qw: Do Orc after D:15 true
     0 | D:1      | 0 ||| qw: Do second Lair branch before Depths: true
     0 | D:1      | 0 ||| qw: Lair rune preference: random
     0 | D:1      | 0 ||| qw: Plans: Normal
     0 | D:1      | 0 ||| PLANNING D:1-11
   100 | D:1      | Reached skill level 6 in Ranged Weapons
   100 | D:1      | Reached XP level 2. HP: 13/16 MP: 4/4
   420 | D:1      | Reached XP level 3. HP: 20/20 MP: 5/5
   662 | D:1      | 662 ||| UPGRADING to amulet of the acrobat.
   667 | D:1      | 667 ||| READING scroll labelled EXIAWO ICWO.
   668 | D:1      | 668 ||| READING scroll labelled HILE ZEOTZ.
   669 | D:1      | 669 ||| READING scroll labelled HAGERE WOREIX.
   670 | D:1      | 670 ||| READING scroll labelled OTTODERCHYSM.
   671 | D:1      | 671 ||| DROPPING scroll of butterflies.
   718 | D:2      | Reached skill level 7 in Ranged Weapons
   777 | D:2      | Reached XP level 4. HP: 25/25 MP: 6/6
   818 | D:2      | Slain by a worm

Levels and vault maps discovered:
D:1:      dpeg_arrival_rooms_c, layout_loops_ring
D:2:      layout_rooms

Skill      XL: |  1  2  3 |
---------------+----------+-----
Ranged Weapons | 6 7 |  7.5
Fighting       | |  1.5
Dodging        | |  2.4
Stealth        | |  1.2

Action                     |  1- 3 |  4- 6 || total
---------------------------+-------+-------++-------
   Fire: Shortbow          |   105 |    16 ||   121
    Use: Scroll            |     4 |       ||     4
 Armour: Leather armour    |    11 |     1 ||    12
  Dodge: Dodged            |    22 |    10 ||    32

Table legend:
 A = Non-vault XP
 B = Vault XP
 C = Vault XP percentage of total XP
 D = Non-vault monster count
 E = Vault monster count
 F = Vault count percentage of total count
                 A         B        C        D         E       F
            +---------+---------+-------+---------+---------+-------
      Total |     102 |       0 |   0.0 |      46 |       0 |   0.0
            +---------+---------+-------+---------+---------+-------
        D:1 |      52 |       0 |   0.0 |      30 |       0 |   0.0
        D:2 |      50 |       0 |   0.0 |      16 |       0 |   0.0
            +---------+---------+-------+---------+---------+-------
